Map: Connexion EC

Players

DPGRogue (Rogue) - Winner!

  • Race: Zerg Zerg

DPGCure (Cure)

  • Race: Terran Terran
  • League: Master

VOD

Have the link to the VOD?

Description

Time

  • Played on: Oct. 26, 2021, 10:05 a.m.
  • Length: 15:24
Show
View Real Time Build Order
Export as new Build Order

DPGRogue Zerg - Winner!

Build Orders: Hatch First, Lurkers 

Get SALT Encoding   

  12  0:00  Drone  
  13  0:13  Overlord  
  13  0:17  Drone  
  14  0:31  Drone x2  
  16  0:49  Hatchery  
  15  0:51  Drone  
  15  0:55  Drone  
  17  0:58  Drone  
  18  1:11  Extractor  
  18  1:14  Spawning Pool  
  16  1:18  Drone  
  16  1:21  Drone  
  18  1:29  Drone  
  20  1:40  Drone  
  20  1:50  Drone  
  21  2:01  Queen x2  
  21  2:02  Zergling x4  
  27  2:12  Zergling x2  
  27  2:14  Overlord  
  28  2:23  Hatchery  
  28  2:25  Drone  
  28  2:33  Drone x2  
  28  2:34  Drone  
  31  2:40  Queen  
  33  2:45  Metabolic Boost  
  33  2:51  Overlord  
  33  2:54  Drone  
  33  2:56  Drone  
  35  2:58  Drone  
  36  3:06  Overlord  
  36  3:18  Overlord  
  36  3:23  Queen  
  36  3:25  Drone x4  
  42  3:28  Drone  
  42  3:32  Drone  
  44  3:34  Queen  
  44  3:35  Overlord  
  44  3:38  Drone  
  47  3:46  Queen  
  47  3:48  Drone x2  
  51  3:51  Drone x2  
  51  3:54  Drone  
  51  3:55  Drone  
  55  3:56  Drone  
  55  3:59  Drone x2  
  58  4:03  Queen  
  58  4:06  Drone x2  
  62  4:11  Overlord  
  62  4:14  Queen  
  64  4:17  Drone  
  64  4:19  Spore Crawler  
  64  4:24  Overlord  
  63  4:27  Zergling x4  
  63  4:30  Zergling x2  
  63  4:31  Zergling x8  
  70  4:35  Spore Crawler  
  70  4:36  Spore Crawler  
  68  4:39  Zergling x2  
  68  4:40  Zergling x8  
  68  4:45  Queen  
  75  4:47  Drone  
  75  4:50  Zergling x6  
  75  4:51  Zergling x2  
  80  4:55  Queen  
  80  4:59  Overlord  
  82  5:03  Overlord  
  82  5:08  Overlord x2  
  78  5:15  Evolution Chamber x2  
  78  5:17  Extractor, Overlord  
  78  5:18  Drone x3  
  78  5:19  Drone x2  
  78  5:21  Drone  
  81  5:25  Drone x3  
  81  5:26  Drone  
  85  5:34  Drone x5  
  82  5:44  Zerg Ground Armor Level 1, Zerg Melee Weapons Level 1  
  82  5:48  Zergling x8  
  86  5:53  Baneling Nest  
  86  5:55  Lair  
  85  5:58  Zergling x2  
  85  5:59  Zergling x10  
  85  6:03  Extractor x2, Zergling x6  
  92  6:06  Overlord  
  92  6:09  Zergling x6  
  95  6:15  Zergling x2  
  95  6:16  Zergling x2  
  96  6:22  Zergling x2  
  96  6:23  Zergling x2  
  98  6:30  Hatchery  
  98  6:31  Zergling x6  
  98  6:32  Overlord  
  100  6:37  Drone  
  100  6:39  Hatchery, Baneling x8  
  100  6:43  Drone x5  
  105  6:47  Drone x2  
  107  7:01  Drone x5  
  95  7:03  Drone  
  95  7:04  Drone  
  95  7:05  Drone  
  95  7:07  Burrow, Centrifugal Hooks  
  98  7:10  Pneumatized Carapace  
  98  7:12  Zergling x10  
  103  7:18  Overlord  
  103  7:22  Drone x6  
  107  7:29  Overlord  
  107  7:34  Zergling x4  
  107  7:35  Hatchery  
  101  7:40  Zergling x12  
  101  7:41  Zergling x2  
  108  7:44  Zergling x2  
  108  7:45  Hydralisk Den  
  108  7:46  Zergling x2, Baneling x7  
  109  7:54  Zergling x2  
  106  8:01  Zergling x4  
  106  8:03  Zergling x4  
  106  8:04  Zergling x2  
  106  8:05  Zerg Ground Armor Level 2  
  105  8:07  Zerg Melee Weapons Level 2  
  105  8:08  Extractor  
  105  8:09  Drone  
  105  8:11  Drone x3  
  105  8:12  Zergling x2  
  109  8:13  Drone  
  109  8:14  Drone x2  
  109  8:15  Overlord  
  109  8:18  Zergling x4  
  113  8:23  Zergling x8  
  113  8:24  Zergling x2  
  111  8:28  Zergling x2  
  111  8:29  Baneling x6  
  111  8:31  Grooved Spines  
  111  8:33  Zergling x4  
  114  8:34  Zergling x2  
  114  8:36  Extractor, Baneling x2  
  114  8:38  Zergling x2  
  115  8:41  Zergling x2  
  115  8:45  Zergling x4  
  115  8:46  Zergling x10  
  115  8:47  Zergling x2  
  124  8:48  Zergling x2  
  124  8:50  Zergling x12  
  124  8:53  Overlord  
  123  8:56  Zergling x2  
  123  9:01  Spore Crawler, Hydralisk x3  
  129  9:05  Hydralisk x2, Overseer  
  133  9:11  Zergling x10, Infestation Pit  
  133  9:13  Baneling x5  
  133  9:15  Zergling x10  
  141  9:21  Hydralisk x3  
  141  9:22  Zergling x2  
  141  9:23  Overlord, Zergling x2  
  149  9:27  Zergling x2  
  149  9:29  Overlord  
  149  9:31  Zergling x8  
  144  9:36  Hydralisk x3  
  140  9:41  Zergling x2  
  141  9:52  Hydralisk  
  138  9:53  Hydralisk x2  
  138  9:55  Hydralisk x5  
  138  9:57  Overlord  
  154  10:04  Zergling x2  
  154  10:06  Zergling x6  
  157  10:09  Overlord  
  157  10:10  Hive  
  157  10:13  Overlord  
  156  10:14  Overlord  
  156  10:22  Zergling x4  
  156  10:23  Zergling x16  
  156  10:25  Overlord  
  165  10:30  Muscular Augments  
  165  10:32  Lurker Den  
  162  10:35  Zergling x2, Spore Crawler  
  162  10:36  Zergling x16  
  162  10:38  Zergling x2  
  165  10:43  Zergling x2  
  165  10:49  Zerg Missile Weapons Level 1  
  163  10:50  Zergling x20  
  163  10:51  Baneling  
  163  10:52  Baneling x3  
  163  10:54  Drone  
  173  11:00  Baneling x8  
  173  11:01  Baneling x5  
  170  11:05  Drone x3  
  170  11:06  Drone  
  174  11:14  Zergling x14  
  174  11:16  Zergling x10  
  185  11:19  Zergling x6  
  185  11:20  Zergling x2  
  180  11:26  Zergling x2  
  180  11:27  Zergling x10  
  166  11:33  Zergling x12  
  166  11:34  Zergling x2  
  166  11:36  Zergling x2  
  166  11:39  Seismic Spines  
  160  11:42  Extractor  
  156  11:59  Zergling x4  
  156  12:00  Hatchery, Drone x5  
  156  12:01  Drone x4  
  164  12:04  Extractor  
  164  12:08  Lurker x10  
  173  12:16  Overlord, Overseer  
  172  12:23  Drone x2  
  172  12:24  Overlord  
  172  12:25  Overlord x2  
  173  12:34  Overlord  
  173  12:36  Drone  
  173  12:37  Drone x5  
  176  12:38  Drone x2  
  176  12:40  Zerg Ground Armor Level 3  
  180  12:53  Adaptive Talons  
  180  12:54  Zergling x2  
  180  12:55  Zergling x16  
  183  13:00  Zergling x2  
  183  13:01  Zergling x12  
  190  13:07  Extractor  
  190  13:10  Extractor  
  188  13:13  Zergling x2  
  188  13:14  Zergling x16  
  188  13:15  Zergling x2  
  188  13:17  Overlord  
  188  13:18  Zergling x2, Nydus Network  
  197  13:22  Zergling x2  
  198  13:28  Zergling x2  
  199  13:36  Spore Crawler  
  199  13:38  Zergling x2  
  199  13:39  Baneling x2  
  199  13:41  Baneling x13  
  199  13:50  Nydus Network  
  199  13:54  Zergling x2  
  198  13:57  Zergling x2  
  199  14:07  Baneling  
  199  14:08  Baneling x3  
  199  14:14  Zergling x2  
  199  14:15  Zergling x10  
  195  14:17  Zergling x2  
  195  14:18  Zergling x2  
  195  14:20  Zergling x2  
  177  14:26  Zergling x2  
  177  14:27  Zergling x24  
  177  14:28  Zergling x14  
  177  14:31  Zergling x2  
  190  14:34  Zergling x2  
  190  14:37  Zergling x2  
  190  14:38  Zergling x14  
  194  14:40  Zergling x2  
  194  14:41  Zergling x4  
  194  14:42  Zergling x2  
  195  14:47  Zergling x2  
  195  14:51  Zergling x10  
  195  14:52  Zergling x2  
  182  14:54  Zergling x4  
  182  14:57  Hydralisk x3  
Show
View Real Time Build Order
Export as new Build Order

DPGCure Terran 

Build Orders:  

Get SALT Encoding   

  12  0:00  SCV  
  13  0:12  SCV  
  14  0:16  Supply Depot  
  14  0:24  SCV  
  15  0:38  SCV  
  15  0:39  Barracks  
  15  0:42  Refinery  
  16  0:50  SCV  
  17  1:02  SCV  
  18  1:14  SCV  
  19  1:26  Barracks Reactor, Orbital Command  
  19  1:37  Command Center  
  19  1:46  Supply Depot  
  19  1:52  SCV  
  20  2:01  Marine x2  
  20  2:04  SCV  
  20  2:07  Barracks  
  23  2:16  SCV  
  23  2:19  Marine x2  
  26  2:23  Barracks  
  26  2:28  SCV  
  27  2:37  Marine x2  
  27  2:41  SCV  
  30  2:53  SCV  
  30  2:54  Barracks Tech Lab  
  31  3:00  Marine x2  
  31  3:05  SCV  
  34  3:07  Orbital Command  
  34  3:11  Barracks Tech Lab  
  34  3:12  Marine  
  34  3:13  Stimpack  
  34  3:17  SCV  
  34  3:19  Marine x2  
  38  3:20  Supply Depot  
  38  3:29  Combat Shield, SCV  
  38  3:33  Marine x2  
  42  3:34  SCV  
  42  3:37  Marine x2  
  44  3:41  SCV  
  44  3:44  Supply Depot  
  44  3:46  SCV  
  46  3:50  Marine  
  46  3:51  Marine  
  46  3:53  SCV  
  46  3:54  Marine  
  46  3:55  Marine  
  51  3:58  SCV  
  52  4:04  Factory  
  52  4:05  SCV  
  52  4:06  Supply Depot  
  52  4:08  Marine x2  
  55  4:10  SCV  
  55  4:12  Marine x2  
  55  4:15  Refinery  
  55  4:16  Refinery  
  58  4:17  SCV  
  58  4:21  Refinery  
  58  4:23  SCV  
  60  4:29  Supply Depot, SCV  
  60  4:30  Marine x3  
  60  4:31  Supply Depot, Marine  
  65  4:40  Engineering Bay, SCV  
  65  4:42  SCV  
  67  4:49  Starport, Factory Reactor  
  67  4:52  SCV  
  68  4:54  SCV  
  69  5:00  Barracks Reactor  
  69  5:02  Barracks Reactor  
  68  5:07  Marine x2  
  68  5:08  Terran Infantry Weapons Level 1  
  68  5:11  SCV x2  
  72  5:23  Supply Depot x2  
  73  5:32  SCV x2  
  73  5:33  Medivac x2  
  78  5:38  Widow Mine x2  
  78  5:41  Marine x4  
  86  5:44  Marine  
  86  5:46  Supply Depot x2  
  87  6:03  Command Center  
  87  6:05  Marine x5  
  87  6:10  Medivac  
  94  6:13  Medivac  
  94  6:16  Widow Mine  
  98  6:21  Supply Depot, SCV x2  
  98  6:23  Marine  
  101  6:29  Marine x4  
  105  6:34  Supply Depot  
  105  6:40  Widow Mine x2  
  105  6:41  Marine  
  107  7:01  Medivac, Marine x5  
  99  7:02  Medivac  
  101  7:08  Widow Mine  
  101  7:09  Terran Infantry Armor Level 1, Widow Mine  
  101  7:11  SCV x2  
  105  7:19  Barracks, Marine  
  105  7:20  Barracks  
  105  7:21  Marine x4  
  107  7:31  Medivac  
  107  7:32  Medivac  
  107  7:36  Marine  
  95  7:38  Marine x4  
  95  7:39  Orbital Command  
  99  7:50  SCV x2  
  101  7:54  Engineering Bay, Armory, Marine  
  101  7:56  Marine  
  103  7:58  Orbital Command  
  103  8:01  Marine x3  
  104  8:06  Medivac, Widow Mine x2  
  104  8:09  Barracks Reactor x2  
  104  8:12  Marine  
  111  8:13  SCV x2  
  111  8:14  Marine  
  114  8:22  Marine x3  
  106  8:28  Medivac, SCV x2  
  106  8:29  SCV  
  106  8:30  Marine  
  106  8:32  Marine  
  113  8:40  Marine  
  113  8:41  Marine x2  
  116  8:48  Marine  
  117  8:50  Marine, SCV x2  
  120  8:57  Marine x4  
  120  8:58  Marine  
  120  9:00  Terran Infantry Weapons Level 2  
  120  9:01  SCV  
  127  9:02  SCV  
  127  9:03  SCV  
  127  9:05  Sensor Tower  
  127  9:06  Marine x3  
  127  9:07  Marine  
  127  9:09  Factory  
  132  9:12  Terran Infantry Armor Level 2  
  132  9:16  Supply Depot  
  132  9:17  Supply Depot  
  132  9:19  Marine x4  
  132  9:24  Widow Mine x2  
  132  9:28  Supply Depot  
  132  9:29  Marine x3  
  135  9:36  Marine  
  135  9:37  Marine x3  
  136  9:42  Medivac, SCV  
  139  9:46  Widow Mine x2  
  139  9:51  Marine x5  
  145  10:00  Marine x4  
  145  10:04  Factory Tech Lab  
  149  10:10  Medivac, Widow Mine  
  149  10:11  Medivac, Widow Mine  
  149  10:12  SCV x3  
  152  10:28  Marine x6  
  148  10:31  Siege Tank  
  148  10:32  Widow Mine x2  
  153  10:43  Marine x3  
  153  10:45  SCV x2  
  153  10:46  Marine x3  
  153  10:48  Marine x3  
  159  10:50  Medivac  
  161  11:01  Marine x3  
  161  11:03  SCV x3  
  163  11:06  Factory Tech Lab  
  163  11:17  Command Center  
  163  11:23  Marine x4  
  146  11:37  Marine x4  
  146  11:38  Marine, Siege Tank  
  121  11:40  Medivac x2  
  121  11:41  Marine x3  
  121  11:42  Marine  
  121  11:43  Terran Infantry Weapons Level 3, Terran Infantry Armor Level 3  
  115  11:54  Marine x3  
  115  11:55  Marine x2  
  115  11:56  Terran Vehicle And Ship Armor Level 1  
  115  11:59  Marine x4  
  123  12:12  Marine x3  
  123  12:13  Widow Mine x2, Marine x2  
  123  12:14  Siege Tank  
  134  12:16  Marine x2  
  134  12:17  Marine x2  
  138  12:25  Medivac  
  138  12:28  Medivac  
  142  12:30  Marine x3  
  142  12:31  Marine x2  
  142  12:34  Marine x3  
  142  12:35  Marine  
  143  12:41  SCV x3  
  146  12:46  Supply Depot x2  
  146  12:50  Barracks x2  
  146  12:51  Barracks  
  146  12:57  Marine x4  
  149  13:02  Widow Mine x3  
  154  13:07  Marine x3  
  154  13:08  Marine x2  
  159  13:15  Marine  
  159  13:16  Supply Depot x2  
  159  13:17  Ghost Academy, Marine x3  
  163  13:22  SCV x2  
  163  13:23  Planetary Fortress, SCV  
  163  13:25  Marine  
  167  13:34  Marauder, Marine x4  
  163  13:38  Barracks Tech Lab x2  
  163  13:39  Barracks Tech Lab  
  167  13:41  Refinery  
  167  13:42  Refinery  
  167  13:55  Marauder, Marine x4  
  173  13:58  Personal Cloaking  
  164  14:17  Marauder  
  164  14:18  Marine x3  
  164  14:19  Marauder x3, Marine  
  157  14:25  Medivac x2  
  144  14:38  Marauder  
  144  14:41  Marine x2  
  144  14:42  Marauder, Marine x3  
  135  14:51  Marauder, Marine  
  122  14:55  SCV  
  123  15:04  Marine x2  
Tags
 
Composition
Lurkers
League
Master
Matchup
TvZ
Player
CureRogue
Add a new tag
Caveats
  • Supply blocks, unpowered buildings, or Contaminate may cause inaccurate times.
  • Supply counts are checked every 10 seconds.